 Dungeon Crawl Stone Soup version 0.31-a0-263-ge8cad7f256 (webtiles) character file.

Game seed: 12079529798533185467

13 Iniera the Ducker (level 2, -1/23 HPs)
             Began as a Vampire Monk on July 14, 2023.
             Slain by a ball python (3 damage)
             ... on level 1 of the Dungeon.
             The game lasted 00:00:16 (81 turns).

Iniera the Ducker (Vampire Monk)                      Turns: 81, Time: 00:00:17

Health: -1/23      AC:  2    Str: 10    XL:     2   Next: 24%
Magic:  2/2        EV: 10    Int: 12    God:
Gold:   9          SH:  0    Dex: 16    Spells: 1/1 levels left

rFire   . . .        a - +0 falchion
rCold   . . .        d - orb {light}
rNeg    . . .        b - +0 robe
rPois   .            (no helmet)
rElec   .            (no cloak)
rCorr   .            (no gloves)
SInv    +            (no boots)
Will    .....        (no amulet)
Stlth   +            (no ring)
HPRegen 0.43/turn    (no ring)
MPRegen 0.08/turn

%: no passive effects
@: healing quickly, glowing, constricted
A: alive, fangs 3, see invisible, vampiric 1
a: Exsanguinate


You were on level 1 of the Dungeon.
You visited 1 branch of the dungeon, and saw 1 of its levels.

You collected 9 gold pieces.

Inventory:

Hand Weapons
 a - a +0 falchion (weapon)
Armour
 b - a +0 robe (worn)
 d - an orb of light (worn)
Potions
 c - a potion of ambrosia


   Skills:
 + Level 2.8 Fighting
 * Level 3.3 Long Blades
 + Level 3.5 Dodging


You had one spell level left.
You didn't know any spells.
Your spell library was empty.

Dungeon Overview and Level Annotations

Branches:
Dungeon (1/15)

Altars:


Innate Abilities, Weirdness & Mutations

Your natural rate of healing is accelerated.
You have razor-sharp teeth.
You have supernaturally acute eyesight. (SInv)
You are afflicted with vampirism.


Message History

You are too injured to fight recklessly!
You are too injured to fight recklessly!
You are too injured to fight recklessly!
You are too injured to fight recklessly!
You are too injured to fight recklessly!
You are too injured to fight recklessly!
You are too injured to fight recklessly!
You are too injured to fight recklessly!
You are too injured to fight recklessly!
You are too injured to fight recklessly!
You are too injured to fight recklessly!
You are too injured to fight recklessly!
You are too injured to fight recklessly!
You hit the quokka.
The quokka is heavily wounded.
The ball python closely misses you. The ball python constricts you.
The quokka barely misses you. The hobgoblin hits you.
The ball python bites you. The ball python constricts you.
You barely miss the quokka.
The quokka is heavily wounded.
The quokka barely misses you. The ball python barely misses you.
The ball python constricts you. The hobgoblin barely misses you.
You hit the quokka but do no damage.
The quokka is heavily wounded.
The quokka barely misses you. The ball python bites you.
The ball python constricts you. The hobgoblin hits you.
The quokka bites you but does no damage.
You closely miss the quokka.
The quokka is heavily wounded.
The ball python bites you.
* * * LOW HITPOINT WARNING * * *
The ball python constricts you. The quokka bites you.
* * * LOW HITPOINT WARNING * * *
The hobgoblin hits you.
* * * LOW HITPOINT WARNING * * *
The ball python barely misses you. The ball python constricts you.
You slash the quokka!
You kill the quokka!
The hobgoblin closely misses you. The ball python bites you.
You die...

####..........! ..
#.............. .#
#..............
.#####+###..............
........##..............
........##..............
........##.......g......
...............†@.......
..........††.....S......
.#####.................[
.# ##.##..............
.# #.##.............. ##
#..+..............
####....##########
##########....#


PPPPPPPPPPPPP.# You could see a hobgoblin and a ball python.

Vanquished Creatures
  3 ball pythons (D:1)
  An endoplasm (D:1)
  A goblin (D:1)
  3 jackals (D:1)
  A kobold (D:1)
  A quokka (D:1)
  A bat (D:1)
  A frilled lizard (D:1)
12 creatures vanquished.

Notes
Turn   | Place    | Note
-------+----------+-------------------------------------------
     0 | D:1      | Iniera the Vampire Monk began the quest for the Orb.
     0 | D:1      | Reached XP level 1. HP: 17/17 MP: 1/1
    40 | D:1      | Reached XP level 2. HP: 23/23 MP: 2/2
    81 | D:1      | Slain by a ball python

Illustrated notes

Levels and vault maps discovered:
D:1:      roderic_crop_circles_arrival_small, layout_basic

Action                     || total
---------------------------++-------
  Melee: Falchion          ||    29
         Bite              ||     1
 Armour: Robe              ||     8
  Dodge: Dodged            ||    43

Table legend: (Time is in decaauts)
 A = Elapsed time spent in this place.
 B = Non-inter-level travel time spent in this place.
 C = Inter-level travel time spent in this place.
 D = Time resting spent in this place.
 E = Time spent auto-exploring this place.
 F = Levels seen in this place.
 G = Mean time per level.
                   A        B        C        D        E       F      G
               +--------+--------+--------+--------+--------+-----+--------+
         Total |     84 |     84 |      0 |      0 |     37 |   1 |   84.0 |
       Dungeon |     84 |     84 |      0 |      0 |     37 |   1 |   84.0 |
               +--------+--------+--------+--------+--------+-----+--------+

Top non-repeatable levels by time:
     D:1: 84 daAuts
